 Dungeon Crawl Stone Soup version 0.24-a0-809-g71cb82dfb8 (webtiles) character file.

Game seed: 5684720504365506810, levelgen mode: deterministic

152 Gumption the Covered (level 5, -3/40 HPs)
             Began as a Gnoll Wanderer on Oct 11, 2019.
             Killed by divine providence
             ... invoked by an orc priest
              (7 damage)
             ... on level 3 of the Dungeon.
             The game lasted 00:14:11 (2196 turns).

Gumption the Covered (Gnoll Wanderer)               Turns: 2196, Time: 00:14:12

Health: -3/40      AC:  8    Str: 17    XL:     5   Next: 34%
Magic:  6/7        EV: 11    Int: 18    God:
Gold:   156        SH:  0    Dex: 12    Spells: 6/6 levels left

rFire    . . .     SeeInvis .   a - +2 hand axe
rCold    . . .     Gourm    .   (no shield)
rNeg     . . .     Faith    .   l - +0 ring mail
rPois    .         Spirit   .   j - +0 helmet {Int+3}
rElec    .         Reflect  .   A - +0 cloak
rCorr    .         Harm     .   (no gloves)
MR       .....                  (no boots)
Stlth    ++........             (no amulet)
HPRegen  0.13/turn              (no ring)
MPRegen  0.10/turn              (no ring)

@: no status effects
A: distributed training, fangs 1, strong nose
a: no special abilities


You were on level 3 of the Dungeon.
You were not hungry.

You visited 1 branch of the dungeon, and saw 3 of its levels.

You collected 156 gold pieces.

Inventory:

Hand Weapons
 a - a +2 hand axe (weapon)
 b - a +0 hunting sling
 d - a +1 quarterstaff of protection
 n - a +0 dagger of electrocution
Missiles
 y - 19 stones
 C - 3 poisoned darts (quivered)
Armour
 j - a +0 helmet of intelligence (worn)
 l - a +0 ring mail (worn)
 A - a +0 cloak (worn)
Wands
 w - a wand of random effects (20)
Scrolls
 c - a scroll of enchant armour {unknown}
 g - 3 scrolls of remove curse {unknown}
 k - a scroll of noise {unknown}
 o - 2 scrolls of identify {unknown}
 p - a scroll of teleportation {unknown}
 t - a scroll of enchant weapon {unknown}
 z - a scroll of immolation {unknown}
 B - a scroll of magic mapping {unknown}
Potions
 e - a potion of heal wounds {unknown}
 h - a potion of degeneration {unknown}
 i - 2 potions of agility {unknown}
 m - a potion of ambrosia {unknown}
 q - a potion of brilliance {unknown}
 r - 3 potions of invisibility {unknown}
 s - a potion of haste {unknown}
 u - a potion of mutation {unknown}
 x - 3 potions of curing
Comestibles
 f - 5 rations
 v - 8 chunks of flesh


   Skills:
 + Level 2.9 Fighting
 + Level 1.4 Short Blades
 + Level 1.4 Long Blades
 + Level 4.7 Axes
 + Level 1.4 Maces & Flails
 + Level 2.9 Polearms
 + Level 1.4 Staves
 + Level 1.4 Slings
 + Level 1.4 Bows
 + Level 1.4 Crossbows
 + Level 4.7 Throwing
 + Level 4.7 Armour
 + Level 1.4 Dodging
 + Level 4.4 Stealth
 + Level 1.4 Shields
 + Level 1.4 Unarmed Combat
 + Level 1.4 Spellcasting
 + Level 1.1 Conjurations
 + Level 1.1 Hexes
 + Level 1.1 Charms
 + Level 1.1 Summonings
 + Level 1.1 Necromancy
 + Level 1.1 Translocations
 + Level 1.1 Transmutations
 + Level 1.1 Fire Magic
 + Level 1.1 Ice Magic
 + Level 1.1 Air Magic
 + Level 1.1 Earth Magic
 + Level 1.1 Poison Magic
 + Level 1.6 Invocations
 + Level 1.4 Evocations


You had 6 spell levels left.
You didn't know any spells.
Your spell library was empty.

Dungeon Overview and Level Annotations

Branches:
Dungeon (3/15)

Altars:
Uskayaw


Innate Abilities, Weirdness & Mutations

Your experience applies equally to all skills.
You have very sharp teeth.
Your uncanny sense of smell can sniff out nearby items.


Message History

The orc priest hits you with a +0 flail!
* * * LOW HITPOINT WARNING * * *
You hit the orc priest.
The orc priest is almost dead.
The orc priest misses you.
The orc priest calls upon Beogh to heal the orc priest.
You hit the orc priest.
You kill the orc priest!
The orc priest mumbles some strange prayers to Beogh against you.
Something writhes in agony!
You miss something.
You hear some strange, mumbled words.
Something tries to affect you, but you resist.
You completely miss something. Something hits you but does no damage.
You miss something. Something hits you but does no damage.
The orc priest looks braver for a moment.
You barely miss something. Something hits you but does no damage.
The orc priest calls down the wrath of Beogh upon you.
Beogh smites you!
You die...

#######.#
#.......#
#.#####.# #.#
#.#####.###
....$.....####.
#.###...........
#...$....#####.#
#######@## #)#
#o# #'# .(. ...
... .....


You could see an orc priest.

Vanquished Creatures
  An orc priest (D:3)
  5 adders
  3 oozes
  2 dart slugs
  2 leopard geckos
  2 orcs (D:3)
  6 bats
  2 giant cockroaches
  6 goblins
  8 hobgoblins
  2 jackals (D:3)
  6 kobolds
  A ball python (D:3)
  2 frilled lizards
  11 rats
59 creatures vanquished.

Notes
Turn   | Place    | Note
-------+----------+-------------------------------------------
     0 | D:1      | Gumption the Gnoll Wanderer began the quest for the Orb.
     0 | D:1      | Gumption set off with the following items: a +2 hand axe, 2
                  | potions of curing, a +0 robe, a +0 dagger, a ration
     0 | D:1      | Reached XP level 1. HP: 17/17 MP: 1/1
   189 | D:1      | Reached XP level 2. HP: 21/23 MP: 2/2
   562 | D:1      | Reached XP level 3. HP: 28/28 MP: 3/3
  1082 | D:2      | Reached skill level 1 in Invocations
  1207 | D:2      | Reached skill level 1 in Short Blades
  1207 | D:2      | Reached skill level 1 in Long Blades
  1207 | D:2      | Reached skill level 1 in Maces & Flails
  1207 | D:2      | Reached skill level 1 in Staves
  1207 | D:2      | Reached skill level 1 in Slings
  1207 | D:2      | Reached skill level 1 in Bows
  1207 | D:2      | Reached skill level 1 in Crossbows
  1207 | D:2      | Reached skill level 1 in Dodging
  1207 | D:2      | Reached skill level 1 in Shields
  1207 | D:2      | Reached skill level 1 in Unarmed Combat
  1207 | D:2      | Reached skill level 1 in Spellcasting
  1207 | D:2      | Reached skill level 1 in Evocations
  1207 | D:2      | Reached XP level 4. HP: 34/34 MP: 5/5
  1401 | D:2      | Found a hide-covered altar of Uskayaw.
  1401 | D:2      | Noticed a +0 hand axe
  1402 | D:2      | Noticed a +0 hand axe
  1833 | D:3      | Reached skill level 1 in Conjurations
  1833 | D:3      | Reached skill level 1 in Hexes
  1833 | D:3      | Reached skill level 1 in Charms
  1833 | D:3      | Reached skill level 1 in Summonings
  1833 | D:3      | Reached skill level 1 in Necromancy
  1833 | D:3      | Reached skill level 1 in Translocations
  1833 | D:3      | Reached skill level 1 in Transmutations
  1833 | D:3      | Reached skill level 1 in Fire Magic
  1833 | D:3      | Reached skill level 1 in Ice Magic
  1833 | D:3      | Reached skill level 1 in Air Magic
  1833 | D:3      | Reached skill level 1 in Earth Magic
  1833 | D:3      | Reached skill level 1 in Poison Magic
  2074 | D:3      | Found a faded altar of an unknown god.
  2096 | D:3      | Reached XP level 5. HP: 33/40 MP: 6/6
  2196 | D:3      | Killed from afar by an orc priest

Levels and vault maps discovered:
D:1:      minmay_arrival_nine_rooms, layout_basic
D:2:      layout_rooms, dancing_weapons_uskayaw, chequers_garden,
          minmay_misc_feat_tower, st_stairs_13, serial_bayou_pond_b
D:3:      layout_loops_corners, lemuel_doored_altar,
          chequers_ecumenical_altar_island

Skill      XL: |  1  2  3  4 |
---------------+-------------+-----
Invocations    | 1 |  1.6
Short Blades   | 1 |  1.4
Long Blades    | 1 |  1.4
Maces & Flails | 1 |  1.4
Staves         | 1 |  1.4
Slings         | 1 |  1.4
Bows           | 1 |  1.4
Crossbows      | 1 |  1.4
Dodging        | 1 |  1.4
Shields        | 1 |  1.4
Unarmed Combat | 1 |  1.4
Spellcasting   | 1 |  1.4
Evocations     | 1 |  1.4
Conjurations   | 1 |  1.1
Hexes          | 1 |  1.1
Charms         | 1 |  1.1
Summonings     | 1 |  1.1
Necromancy     | 1 |  1.1
Translocations | 1 |  1.1
Transmutations | 1 |  1.1
Fire Magic     | 1 |  1.1
Ice Magic      | 1 |  1.1
Air Magic      | 1 |  1.1
Earth Magic    | 1 |  1.1
Poison Magic   | 1 |  1.1
Fighting       | |  2.9
Axes           | |  4.7
Polearms       | |  2.9
Throwing       | |  4.7
Armour         | |  4.7
Stealth        | |  4.4

Action                   |  1- 3 |  4- 6 || total
-------------------------+-------+-------++-------
Melee: Hand axe          |    73 |    68 ||   141
       Bite              |     6 |     4 ||    10
       Punch             |       |     1 ||     1
 Fire: Hunting sling     |       |    12 ||    12
Throw: Dart              |     5 |     1 ||     6
 Stab: Sleeping          |     5 |     5 ||    10
  Eat: Chunk             |     1 |     3 ||     4
Armor: Robe              |     4 |       ||     4
       Ring mail         |    13 |    25 ||    38
Dodge: Dodged            |    60 |    32 ||    92

Table legend:
 A = Non-vault XP
 B = Vault XP
 C = Vault XP percentage of total XP
 D = Non-vault monster count
 E = Vault monster count
 F = Vault count percentage of total count
                 A         B        C        D         E       F
            +---------+---------+-------+---------+---------+-------
      Total |     211 |       7 |   3.2 |      55 |       4 |   6.8
            +---------+---------+-------+---------+---------+-------
        D:1 |      34 |       0 |   0.0 |      17 |       0 |   0.0
        D:2 |      78 |       7 |   8.2 |      23 |       4 |  14.8
        D:3 |      99 |       0 |   0.0 |      15 |       0 |   0.0
            +---------+---------+-------+---------+---------+-------
